 Dungeon Crawl Stone Soup version 0.31-a0-618-g7ca08c1ff9 (webtiles) character file.

Game seed: 1391566868336530873

629 Dirtsage the Changeling (level 7, -1/47 HPs)
             Began as an Octopode Shapeshifter on Aug 22, 2023.
             Slain by Blork the orc
             ... wielding a +0 trident
              (8 damage)
             ... on level 4 of the Dungeon.
             The game lasted 00:10:45 (3773 turns).

Dirtsage the Changeling (Octopode Shapeshifter)     Turns: 3773, Time: 00:10:45

Health: -1/47      AC:  1    Str: 14      XL:     7   Next: 48%
Magic:  7/7        EV: 13    Int: 13      God:
Gold:   184        SH:  0    Dex: 11 (12) Spells: 6/6 levels left

rFire   . .          .
                       - Unarmed
rCold   . . .        (no shield)
rNeg    . . .        (helmet currently unavailable)
rPois   +            (no amulet)
rElec   .            P - ring of poison resistance
rCorr   .            (no ring)
SInv    .            (no ring)
Will    .....        (no ring)
Stlth   ++           (no ring)
HPRegen 0.27/turn    (no ring)
MPRegen 0.10/turn    (no ring)
                     (no ring)

%: no passive effects
@: beast-form
A: beast (slay +3), almost no armour, amphibious, 8 rings, camouflage 1,
gelatinous body 1, (nimble swimmer 1), tentacles
a: Begin Untransformation


You were on level 4 of the Dungeon.
You were a hulking beast.
You visited 1 branch of the dungeon, and saw 4 of its levels.
You also visited: Sewer.

You collected 184 gold pieces.

Inventory:

Missiles
 l - a curare-tipped dart
Jewellery
 P - a ring of poison resistance (left tentacle)
Talismans
 b - a beast talisman (active)
 c - a flux talisman
Scrolls
 a - 10 scrolls of identify {unknown}
 f - a scroll of amnesia {unknown}
 g - a scroll of fear {unknown}
 j - 2 scrolls of vulnerability {unknown}
 k - 2 scrolls of immolation {unknown}
 m - 2 scrolls of teleportation {unknown}
 s - a scroll of revelation {unknown}
Potions
 d - 2 potions of curing {unknown}
 e - 2 potions of degeneration {unknown}
 h - a potion of cancellation
 i - a potion of might {unknown}
 n - a potion of heal wounds {unknown}
 o - 2 potions of brilliance
 p - a potion of mutation {unknown}
 q - 2 potions of invisibility {unknown}
 r - a potion of haste {unknown}


   Skills:
 + Level 3.9 Fighting
 - Level 2.0 Dodging
 + Level 4.8 Unarmed Combat
 * Level 5.9 Shapeshifting


You had 6 spell levels left.
You didn't know any spells.
Your spell library was empty.

Dungeon Overview and Level Annotations

Branches:
Dungeon (4/15)              Sewer (visited)
 Temple: D:4-7

Altars:
Zin

Shops:
D:1 (

Annotations:
D:4 2 runed translucent doors, Blork the orc, Eustachio


Innate Abilities, Weirdness & Mutations

You are a hulking beast.
Your limbs bulge with bestial killing power. (Slay +3)
You cannot wear most types of armour.
You are amphibious.
You can wear up to eight rings at the same time.
Your skin changes colour to match your surroundings (Stealth+).
Your rubbery body absorbs attacks. (AC +1, EV +1)
((You are camouflaged when in or above water. (Stealth+)))
You have tentacles for arms and can constrict up to eight enemies at once.


Message History

You feel clumsy. The quasit claws you. The quasit closely misses you.
You take 3 damage, and have 18/47 hp.
You tentacle-slap the quasit. Your grab misses the quasit.
You squeeze the quasit!
You kill the quasit!
The quasit disappears in a puff of smoke!
Blork the orc misses you.
Okay, then.
It was a potion of brilliance.
You feel clever all of a sudden.
Blork the orc hits you from afar with a +0 trident!
* * * LOW HITPOINT WARNING * * *
Blork the orc looks braver for a moment.
You take 10 damage, and have 9/47 hp.
MASSIVE DAMAGE!!
It was a potion of cancellation.
Your magical effects are unravelling.
You feel magically purged.
You feel a little less clever now.
Blork the orc hits you from afar with a +0 trident.
* * * LOW HITPOINT WARNING * * *
You take 1 damage, and have 8/47 hp.
The white imp shouts!
Blork the orc hits you with a +0 trident.
* * * LOW HITPOINT WARNING * * *
Blork the orc barely misses you.
You take 2 damage, and have 6/47 hp.
You tentacle-slap Blork the orc. You grab Blork the orc.
You squeeze Blork the orc, but do no damage.
Blork the orc is lightly wounded.
You constrict Blork the orc. Blork the orc misses you.
You bludgeon Blork the orc!
Blork the orc is heavily wounded.
You constrict Blork the orc. Blork the orc misses you.
Blork the orc hits you but does no damage.
You tentacle-slap Blork the orc. You squeeze Blork the orc.
Blork the orc is almost dead.
You constrict Blork the orc.
Blork the orc hits you with a +0 trident!
You die...

.....#.# ##.......# ......<#
#..#.##### .....### ##.##.#
.†...#####..##.#
.†...##.<..###.# #####
.....##.#### #.### #...#
#######.# #...# #...#
#.......# ###.# #...#
.######## ######h####...#
.####### #.......o55).!.#
........ ..#####.#@.....#
.####### #.....##...#
.).##### #.##.###.).#
.#.....######.....# .....#
.##)...<.............5....#
.(#...#........[...........#
#.......###.......>........#


You could see Eustachio, Blork the orc (fast) and 2 white imps.

Vanquished Creatures
  Sigmund (D:4)
  2 kobold brigands (Sewer)
  A scorpion (D:4)
  Terence (D:2)
  Natasha (thrice) (D:3)
  Robin (D:2)
  3 gnolls (D:3)
  3 adders
  A worm (D:3)
  3 dart slugs (D:1)
  2 orcs
  5 ball pythons
  8 endoplasms
  9 giant cockroaches
  10 hobgoblins
  19 kobolds
  2 quokkas
  7 bats
  2 frilled lizards (D:3)
  13 goblins
  7 rats
103 creatures vanquished.

Notes
Turn   | Place    | Note
-------+----------+-------------------------------------------
     0 | D:1      | Dirtsage the Octopode Shapeshifter began the quest for the
                  | Orb.
     0 | D:1      | Reached XP level 1. HP: 13/13 MP: 1/1
    83 | D:1      | Reached XP level 2. HP: 9/18 MP: 2/2
   245 | D:1      | Noticed a +0 triple crossbow
   247 | D:1      | Found Colog's Weapon Shoppe.
   248 | D:1      | Noticed a +0 rapier
   598 | D:1      | Reached XP level 3. HP: 23/23 MP: 3/3
   775 | D:2      | Noticed Terence
   784 | D:2      | Killed Terence
   858 | D:2      | Noticed Robin
   870 | D:2      | Reached XP level 4. HP: 29/29 MP: 4/4
   906 | D:2      | Killed Robin
   907 | D:2      | Reached skill level 4 in Shapeshifting
  1030 | D:2      | Found a faded altar of an unknown god.
  1573 | D:3      | Reached XP level 5. HP: 14/35 MP: 5/5
  1965 | D:3      | Found a glowing drain.
  1990 | Sewer    | Entered a sewer
  2396 | Sewer    | Noticed a kobold brigand
  2396 | Sewer    | Noticed a kobold brigand
  2397 | Sewer    | Saving game... please wait.
  2404 | Sewer    | Killed a kobold brigand
  2405 | Sewer    | Reached XP level 6. HP: 41/41 MP: 6/6
  2411 | Sewer    | Reached skill level 5 in Shapeshifting
  2702 | D:3      | Noticed Natasha
  2707 | D:3      | Killed Natasha
  2795 | D:3      | Noticed Natasha
  3076 | D:3      | Killed Natasha
  3222 | D:3      | Noticed Natasha
  3226 | D:3      | Killed Natasha
  3261 | D:4      | Noticed Sigmund
  3267 | D:4      | Killed Sigmund
  3268 | D:4      | Reached XP level 7. HP: 26/47 MP: 7/7
  3454 | D:4      | Found a glowing silver altar of Zin.
  3587 | D:4      | Found a large runed translucent door.
  3590 | D:4      | Found a large runed translucent door.
  3745 | D:4      | Noticed Eustachio
  3752 | D:4      | Noticed Blork the orc
  3773 | D:4      | Slain by Blork the orc

Illustrated notes

Levels and vault maps discovered:
D:1:      dpeg_arrival_round_a, layout_loops_ring, serial_shops,
          nicolae_shop_mannequins
D:2:      layout_loops_ring, nicolae_ecumenical_lake_church, uniq_terence,
          uniq_robin
D:3:      layout_basic, cheibrodos_sewer_entry_drain,
          ebering_dispersal_statue_hall, uniq_natasha
D:4:      layout_rooms, zin_statuary, jmf_multi_god_temple2, uniq_eustachio,
          uniq_blork_the_orc, uniq_sigmund

Skill      XL: |  1  2  3  4  5  6 |
---------------+-------------------+-----
Fighting       | 2 3 |  3.9
Shapeshifting  | 4 5 |  5.9
Unarmed Combat | 4 |  4.8
Dodging        | |  2.0

Action                     |  1- 3 |  4- 6 |  7- 9 || total
---------------------------+-------+-------+-------++-------
  Melee: Unarmed           |    41 |   136 |    36 ||   213
         Constrict         |    10 |    33 |     7 ||    50
         Tentacles         |    11 |    20 |     5 ||    36
         Punch             |     1 |     4 |     1 ||     6
  Throw: Dart              |       |     1 |       ||     1
    Use: Potion            |     1 |     1 |     2 ||     4
   Stab: Sleeping          |     3 |    10 |     3 ||    16
         Distracted        |     1 |       |       ||     1
 Armour: Skin              |     5 |    42 |     4 ||    51
  Dodge: Dodged            |    15 |    59 |    24 ||    98

Table legend: (Time is in decaauts)
 A = Elapsed time spent in this place.
 B = Non-inter-level travel time spent in this place.
 C = Inter-level travel time spent in this place.
 D = Time resting spent in this place.
 E = Time spent auto-exploring this place.
 F = Levels seen in this place.
 G = Mean time per level.
                   A        B        C        D        E       F      G
               +--------+--------+--------+--------+--------+-----+--------+
         Total |   3755 |   3559 |    196 |    295 |   2678 |   5 |  751.0 |
       Dungeon |   3311 |   3115 |    196 |    201 |   2434 |   4 |  827.8 |
         Sewer |    444 |    444 |      0 |     94 |    244 |   1 |  444.0 |
               +--------+--------+--------+--------+--------+-----+--------+

Top non-repeatable levels by time:
     D:3: 1276 daAuts
     D:1: 769 daAuts
     D:2: 757 daAuts
     D:4: 508 daAuts
   Sewer: 444 daAuts
